AoeStats
← Solraclml

Arabia

509520392Analyzed
2v2 RM · 6d ago on Sep 27, 2026· 23m 54s· 4 players
Game mode
Random Map
Map size
Medium (4 player)
Population
200
Speed
Normal
Resources
Standard
Victory
Conquest
Starting age
Dark Age
Ending age
Imperial Age
RankedLock teamsTeams togetherTeam positionsShared explorationLock speedFull tech treeHidden civsTurbo modeCheats
Victory
Defeat
🇦🇷 Ethiopians · Argentina
1033
+12
🇦🇷 Varangians · Argentina
873
+18
🇲🇽 Ethiopians · Mexico
938
-15
🇲🇽 Mongols · Mexico
928
-15
LeonardX003
4:08 Loom
10:35 Feudal Age
11:26 Double-Bit Axe
15:09 Town Watch
15:10 Horse Collar
Solraclml
5:08 Loom
9:49 Feudal Age
LichaLo
5:05 Loom
11:30 Feudal Age
12:21 Double-Bit Axe
14:46 Bloodlines
matso
7:25 Loom
9:57 Feudal Age
10:33 Double-Bit Axe
14:34 Fletching
17:40 Forging
19:31 Wheelbarrow
22:08 Castle Age
20:26 Horse Collar
20:37 Stone Mining
21:47 Padded Archer Armor
22:50 Bodkin Arrow
23:07 Bow Saw
22:53 Crossbowman
24:13 Gold Mining
Connection lost

Rejoining the realm…

Still unreachable

The connection could not be restored.

Session expired

The server has moved on; the page needs a fresh start.